Map: Port Aleksander LE

Players

Lambo - Winner!

  • Race: Zerg Zerg
  • Spawn Location: 11:00

Tatakae

  • Race: Zerg Zerg
  • League: Grandmaster
  • Spawn Location: 5:00

VOD

Have the link to the VOD?

Description

Time

  • Played on: Dec. 8, 2018, 9:13 a.m.
  • Length: 11:16
Show
View Real Time Build Order
Export as new Build Order

Lambo Zerg - Winner!

Build Orders: Hatch First 

Get SALT Encoding   

  12  0:01  Drone  
  13  0:12  Overlord  
  13  0:18  Drone  
  14  0:31  Drone x2  
  16  0:50  Hatchery  
  16  0:54  Drone  
  16  0:57  Drone  
  16  1:01  Drone  
  18  1:11  Extractor  
  18  1:16  Spawning Pool  
  16  1:22  Drone x2  
  18  1:31  Drone  
  19  1:42  Drone  
  20  1:53  Drone  
  21  2:03  Queen x2  
  21  2:04  Drone  
  21  2:06  Overlord  
  26  2:13  Drone  
  26  2:15  Drone  
  28  2:16  Metabolic Boost  
  28  2:28  Zergling x4  
  30  2:38  Hatchery  
  30  2:43  Drone x2  
  31  2:47  Baneling Nest  
  30  2:51  Drone  
  30  2:55  Overlord  
  30  2:57  Drone  
  32  3:01  Drone  
  32  3:05  Drone  
  34  3:07  Drone  
  35  3:13  Zergling x2  
  35  3:17  Drone  
  35  3:18  Zergling x2  
  35  3:19  Zergling x2  
  39  3:22  Drone, Overlord  
  39  3:24  Drone  
  40  3:35  Baneling x2  
  40  3:40  Drone x2  
  42  3:42  Baneling x2  
  42  3:43  Queen  
  42  3:46  Drone x4  
  48  3:51  Drone x3  
  48  3:54  Drone  
  52  3:56  Evolution Chamber  
  52  4:00  Drone x2  
  53  4:03  Extractor  
  53  4:04  Extractor  
  53  4:06  Zergling x4  
  53  4:09  Drone  
  54  4:12  Drone x2  
  56  4:17  Drone x2  
  56  4:19  Overlord  
  56  4:23  Zerg Missile Weapons Level 1  
  58  4:27  Overlord  
  58  4:33  Overlord  
  58  4:35  Overlord  
  58  4:40  Lair  
  58  4:41  Drone x5  
  58  4:45  Drone  
  64  4:48  Drone x3  
  64  4:49  Overlord  
  64  4:50  Drone  
  64  4:51  Drone  
  69  4:54  Drone x2  
  69  4:59  Roach Warren  
  70  5:00  Drone  
  70  5:01  Drone  
  70  5:03  Drone  
  70  5:05  Overlord  
  73  5:07  Drone x2  
  73  5:10  Extractor  
  73  5:12  Drone  
  75  5:15  Extractor x2  
  75  5:17  Drone x2  
  75  5:23  Drone x2  
  75  5:25  Drone  
  78  5:30  Overlord  
  78  5:31  Drone x3  
  78  5:34  Overlord  
  81  5:41  Overlord  
  81  5:45  Roach x5  
  81  5:47  Spire  
  81  5:48  Glial Reconstitution  
  89  5:51  Roach x3  
  89  5:52  Roach x2  
  99  6:04  Roach  
  99  6:05  Roach x3  
  99  6:07  Hatchery  
  106  6:12  Roach x4  
  109  6:21  Overseer  
  109  6:22  Pneumatized Carapace  
  109  6:25  Zerg Missile Weapons Level 2  
  110  6:27  Roach x2, Evolution Chamber  
  110  6:28  Roach x3  
  119  6:34  Hatchery  
  119  6:37  Overlord x2  
  119  6:39  Overlord  
  118  6:42  Roach x3  
  124  6:48  Overlord  
  124  6:51  Roach x3  
  130  6:58  Overlord x2  
  130  6:59  Zerg Ground Armor Level 1  
  130  7:05  Overlord  
  130  7:07  Overlord  
  130  7:08  Drone x3  
  132  7:09  Drone  
  132  7:10  Corruptor  
  132  7:12  Corruptor  
  132  7:15  Zerg Flyer Armor Level 1  
  138  7:19  Corruptor  
  138  7:21  Spore Crawler  
  139  7:23  Spore Crawler  
  139  7:24  Spore Crawler  
  139  7:26  Corruptor  
  139  7:31  Corruptor  
  139  7:35  Corruptor  
  143  7:39  Corruptor  
  145  7:45  Corruptor  
  145  7:48  Corruptor  
  149  7:55  Drone x2, Overlord  
  149  7:56  Corruptor  
  153  8:04  Corruptor  
  155  8:09  Corruptor  
  155  8:12  Overlord  
  157  8:18  Corruptor  
  157  8:19  Corruptor  
  161  8:23  Overlord  
  161  8:28  Drone x2, Spine Crawler  
  161  8:29  Drone  
  161  8:30  Corruptor  
  161  8:31  Extractor  
  161  8:33  Spine Crawler  
  161  8:34  Corruptor  
  161  8:35  Spine Crawler  
  161  8:38  Drone x3  
  161  8:40  Corruptor  
  167  8:46  Corruptor  
  169  8:55  Roach x4  
  175  9:05  Roach x5  
  183  9:12  Zergling x2  
  183  9:13  Zergling x14  
  183  9:22  Roach  
  172  9:27  Roach x2  
  171  9:34  Roach x3  
  169  9:39  Corruptor x3  
  169  9:41  Hatchery  
  169  9:44  Roach x2  
  169  9:45  Zergling x2  
  146  9:49  Roach x2  
  146  9:50  Zergling x2  
  136  9:57  Roach x2  
  127  10:06  Roach x4  
  123  10:15  Roach x4  
  127  10:22  Corruptor  
  127  10:27  Roach x2, Zergling x4  
  127  10:28  Zergling x4  
  130  10:32  Roach x2  
  129  10:41  Roach x3  
  127  10:56  Zergling x18  
  127  11:12  Spore Crawler  
Show
View Real Time Build Order
Export as new Build Order

Tatakae Zerg 

Build Orders: Hatch First, Muta Ling Bane 

Get SALT Encoding   

  12  0:00  Drone  
  13  0:12  Overlord  
  13  0:18  Drone  
  14  0:31  Drone x2  
  16  0:49  Hatchery  
  15  0:53  Drone  
  15  0:56  Drone  
  17  0:59  Drone  
  18  1:10  Extractor  
  17  1:15  Spawning Pool  
  16  1:18  Drone  
  16  1:22  Drone  
  18  1:28  Drone  
  19  1:38  Drone  
  20  1:50  Overlord  
  20  2:02  Queen x2  
  24  2:09  Drone x2  
  24  2:11  Metabolic Boost  
  24  2:13  Drone  
  24  2:15  Drone  
  28  2:23  Drone x2  
  30  2:37  Hatchery  
  29  2:41  Drone x2  
  31  2:53  Zergling x4  
  31  2:55  Baneling Nest  
  32  3:01  Overlord  
  32  3:04  Drone  
  32  3:05  Drone  
  34  3:11  Zergling x2  
  34  3:12  Zergling x2  
  36  3:22  Drone x3  
  36  3:24  Overlord  
  36  3:26  Queen  
  40  3:37  Drone  
  40  3:40  Zergling x4  
  42  3:44  Drone x4  
  42  3:45  Baneling  
  46  3:51  Drone x3, Evolution Chamber  
  48  3:58  Drone x3  
  51  4:03  Overlord  
  51  4:08  Zergling x4  
  53  4:14  Extractor  
  53  4:15  Drone x3, Extractor  
  54  4:18  Zerg Melee Weapons Level 1  
  54  4:21  Drone x2  
  56  4:25  Drone x4  
  56  4:27  Lair  
  60  4:33  Drone x2  
  62  4:41  Drone  
  62  4:42  Drone x2  
  62  4:44  Overlord  
  62  4:45  Overlord  
  65  4:51  Overlord  
  65  5:01  Extractor x2  
  65  5:03  Drone x8  
  71  5:08  Drone  
  71  5:09  Extractor  
  71  5:11  Drone x2  
  71  5:12  Drone x2  
  71  5:13  Roach Warren  
  71  5:14  Drone x2  
  76  5:25  Drone x2  
  78  5:30  Zergling x2  
  78  5:31  Spire, Zergling x8  
  78  5:32  Extractor  
  80  5:38  Overlord  
  80  5:42  Zergling x12  
  86  5:43  Zergling x4  
  89  5:50  Hatchery  
  89  5:54  Zergling x2  
  89  5:56  Overlord  
  89  6:01  Drone x2  
  89  6:02  Drone  
  92  6:08  Baneling x2  
  92  6:15  Zergling x8  
  92  6:16  Zerg Melee Weapons Level 2  
  86  6:28  Overlord x3  
  85  6:37  Pneumatized Carapace  
  85  6:44  Mutalisk x10  
  104  6:48  Zerg Flyer Weapons Level 1  
  104  6:53  Mutalisk  
  106  7:00  Mutalisk  
  108  7:02  Zergling x20  
  108  7:08  Mutalisk x2  
  118  7:13  Overlord  
  122  7:16  Mutalisk  
  122  7:20  Overlord  
  122  7:21  Extractor  
  122  7:22  Mutalisk, Extractor, Hatchery  
  121  7:25  Zergling x12  
  129  7:31  Mutalisk  
  129  7:33  Overlord  
  129  7:34  Zergling x12  
  137  7:38  Mutalisk x2  
  141  7:45  Overlord  
  142  7:51  Drone x3  
  142  7:53  Drone, Centrifical Hooks  
  142  7:57  Overlord  
  142  7:58  Overseer  
  145  8:00  Overseer  
  145  8:01  Overseer  
  145  8:03  Overseer  
  145  8:04  Mutalisk  
  147  8:09  Mutalisk  
  147  8:10  Zergling x2  
  147  8:11  Zergling x14  
  157  8:16  Mutalisk  
  157  8:19  Mutalisk  
  159  8:23  Mutalisk  
  163  8:28  Overlord x2  
  163  8:31  Mutalisk x2  
  167  8:36  Overlord  
  167  8:39  Mutalisk  
  169  8:46  Mutalisk x2  
  169  8:54  Zerg Flyer Weapons Level 2  
  163  9:01  Mutalisk  
  165  9:03  Mutalisk  
  165  9:06  Zergling x30  
  178  9:12  Mutalisk x2  
  173  9:21  Mutalisk x2  
  173  9:23  Queen x2  
  168  9:27  Mutalisk  
  167  9:31  Zergling x2  
  167  9:32  Zergling x8  
  165  9:39  Mutalisk x3  
  165  9:44  Zergling x8  
  150  9:48  Mutalisk  
  125  9:53  Mutalisk x2  
  125  9:56  Zergling x8  
  120  10:03  Mutalisk x2  
  114  10:07  Mutalisk  
  114  10:09  Zergling x10  
  114  10:12  Overlord  
  110  10:16  Zergling x8  
  110  10:21  Mutalisk x2  
  102  10:32  Mutalisk  
  102  10:33  Mutalisk x2  
  104  10:38  Mutalisk  
  104  10:40  Zergling x8  
  101  10:45  Zergling x4  
  101  10:49  Zergling x4  
Tags
 
Add a new tag
Caveats
  • Supply blocks, unpowered buildings, or Contaminate may cause inaccurate times.
  • Supply counts are checked every 10 seconds.